 Dungeon Crawl Stone Soup version 0.31-a0-984-gbfb7dba898 (webtiles) character file.

Game seed: 5994532038341036517

1558 Revguard the Trooper (level 8, -1/64 HPs)
             Began as a Demonspawn Berserker on Nov 3, 2023.
             Was a Priest of Trog.
             Slain by a wight
             ... wielding a +4 great sword
              (14 damage)
             ... on level 6 of the Dungeon.
             The game lasted 00:11:44 (4902 turns).

Revguard the Trooper (Demonspawn Berserker)         Turns: 4902, Time: 00:11:45

Health: -1/64      AC: 17    Str: 19    XL:     8   Next: 58%
Magic:  8/8        EV:  7    Int:  9    God:    Trog [***...]
Gold:   337        SH:  0    Dex: 13    Spells: 7/7 levels left

rFire   . . .        q - +3 war axe (venom)
rCold   . . .        (no shield)
rNeg    . . .        r - +0 plate armour
rPois   .            e - +0 helmet
rElec   .            s - +0 cloak
rCorr   .            p - +2 pair of gloves
SInv    .            (no boots)
Will    .....        (no amulet) Stlth
                     h - ring of flight
HPRegen 0.30/turn    (no ring)
MPRegen 0.22/turn

%: no passive effects
@: on berserk cooldown, flying, slowed, very slow
A: claws 1, magic regeneration, demonic magic 2
a: Renounce Religion, Berserk, Trog's Hand


You were on level 6 of the Dungeon.
You worshipped Trog.
Trog was most pleased with you.
You visited 2 branches of the dungeon, and saw 7 of its levels.

You collected 337 gold pieces.

Inventory:

Hand Weapons
 a - a +0 hand axe
 k - a +0 morningstar
 q - a +3 war axe of venom (weapon)
Missiles
 v - 2 throwing nets
Armour
 b - a +0 animal skin
 c - a +0 chain mail
 e - a +0 helmet (worn)
 n - a +0 pair of gloves
 p - a +2 pair of gloves (worn)
 r - a +0 plate armour (worn)
 s - a +0 cloak (worn)
Jewellery
 h - a ring of flight (left hand)
 u - a ring of ice
Wands
 g - a wand of roots (2)
Scrolls
 d - 2 scrolls of immolation
 f - a scroll of blinking
 j - a scroll of fog
 l - 4 scrolls of amnesia
 m - a scroll of teleportation
 o - a scroll of noise
 t - a scroll of revelation {unknown}
Potions
 w - a potion of ambrosia


   Skills:
 * Level 6.2 Fighting
 * Level 5.6 Axes
 + Level 4.0 Armour
 + Level 3.9 Dodging
 + Level 2.6 Unarmed Combat
 + Level 3.6 Evocations


You had 7 spell levels left.
You didn't know any spells.
Your spell library was empty.

Dungeon Overview and Level Annotations

Branches:
Dungeon (6/15)             Temple (1/1) D:5

Altars:
Ashenzari
Cheibriados
Fedhas
Gozag
Hepliaklqana
Kikubaaqudgha
Qazlal
Ru
Trog
Uskayaw
Vehumet
Wu Jian
Xom
Yredelemnul

Shops:
D:1 (


Innate Abilities, Weirdness & Mutations

You have sharp fingernails.
You regenerate magic rapidly.
Spells you cast may paralyse nearby enemies.


Message History

The arrow hits you but does no damage.
The centaur unwields a +0 shortbow.
The centaur hits you.
* * * LOW HITPOINT WARNING * * *
The centaur kicks you.
* * * LOW HITPOINT WARNING * * *
The wight splashes around in the water.
Items here: $ )) [ †.
You slash the centaur!
The centaur looks as sick as possible!
The centaur is severely wounded.
You slash the wight!
You destroy the wight!
Trog accepts your kill.
You hear a splash. x2
The centaur closely misses you.
The centaur kicks you but does no damage.
You closely miss the centaur.
The centaur is almost dead.
The centaur hits you but does no damage.
The centaur kicks you but does no damage.
The centaur hits you.
* * * LOW HITPOINT WARNING * * *
The centaur kicks you.
* * * LOW HITPOINT WARNING * * *
You barely miss the centaur.
The centaur is almost dead.
You kill the centaur!
Trog accepts your kill.
Your Armour skill increases to level 4!
Unknown command.
You are no longer berserk.
You are exhausted.
You feel yourself slow down. 2 wights come into view.
The wight splashes around in the water.
You hit the wight.
The wight is lightly damaged.
Your skin stops crawling.
You feel less strong-willed.
The wight splashes around in the water.
The wight hits you with a +4 great sword!
You die...

#.#
#.#.##########
#.............
#..≈≈≈≈≈≈≈≈.≈≈
#!≈≈~~~~~~≈≈~≈
#.≈~≈≈≈≈≈≈~≈≈~
####..≈≈~~~~≈≈~≈~
.....≈≈~≈≈≈≈~≈~≈~
#####≈~≈≈))..≈~≈~
#≈z@)≈$$?≈~≈~
#≈~≈~≈...$≈≈~
#≈~≈~≈~≈≈≈≈~≈
#≈z≈~≈≈~~~~≈≈
#≈z≈≈~≈≈≈≈≈≈~
#≈≈~≈≈~~~~~~≈
..≈≈.≈≈≈≈≈≈≈≈
..###..z....


You could see 4 wights.

Vanquished Creatures
  Grinder (D:3)
  An ice beast (D:5)
  2 black bears
  An ogre (D:4)
  3 centaurs (D:6)
  A phantom (D:3)
  Blork the orc (D:4)
  A scorpion (D:4)
  A wight (D:6)
  2 hounds
  3 jellies (D:5)
  An orc priest (D:4)
  An iguana (D:5)
  2 sleepcaps
  2 orc wizards
  3 gnolls (D:5)
  8 adders
  3 worms (D:2)
  3 dart slugs
  16 orcs
  6 ball pythons
  5 bats
  8 endoplasms
  4 giant cockroaches
  7 goblins
  4 hobgoblins
  3 jackals (D:2)
  5 kobolds
  6 quokkas
  A frilled lizard (D:3)
  5 rats
  A butterfly (D:5)
111 creatures vanquished.

Notes
Turn   | Place    | Note
-------+----------+-------------------------------------------
     0 | D:1      | Revguard the Demonspawn Berserker began the quest for the
                  | Orb.
     0 | D:1      | Reached XP level 1. HP: 18/18 MP: 1/1
    44 | D:1      | Gained mutation: Spells you cast may paralyse adjacent
                  | enemies. [demonic ancestry]
    44 | D:1      | Reached XP level 2. HP: 17/24 MP: 2/2
   489 | D:1      | Found Dustauph's Antique Weapon Shop.
  1036 | D:2      | Gained mutation: Spells you cast may paralyse nearby
                  | enemies. [demonic ancestry]
  1036 | D:2      | Reached XP level 3. HP: 24/29 MP: 3/3
  1054 | D:2      | Reached skill level 1 in Evocations
  1548 | D:2      | Reached ** piety under Trog
  1834 | D:3      | Reached XP level 4. HP: 35/35 MP: 4/4
  1957 | D:3      | Found a blossoming altar of Fedhas.
  1964 | D:3      | Found a stormy altar of Qazlal.
  2015 | D:3      | Noticed a phantom
  2029 | D:3      | Found a faded altar of an unknown god.
  2038 | D:3      | Killed a phantom
  2039 | D:3      | Reached skill level 4 in Fighting
  2039 | D:3      | Gained mutation: You have sharp fingernails. [demonic
                  | ancestry]
  2039 | D:3      | Reached XP level 5. HP: 36/42 MP: 5/5
  2331 | D:3      | Found a hazy altar of Hepliaklqana.
  2614 | D:3      | Noticed Grinder
  2614 | D:3      | Paralysed by Grinder for 2 turns
  2622 | D:3      | Paralysed by Grinder for 5 turns
  2635 | D:3      | Killed Grinder
  2636 | D:3      | Reached skill level 1 in Unarmed Combat
  2636 | D:3      | Reached XP level 6. HP: 41/49 MP: 6/6
  2824 | D:4      | Gained mutation: You regenerate magic rapidly. [demonic
                  | ancestry]
  2824 | D:4      | Reached XP level 7. HP: 34/55 MP: 7/7
  2927 | D:4      | Found an ancient bone altar of Kikubaaqudgha.
  3062 | D:4      | Found a broken altar of Ashenzari.
  3303 | D:4      | Reached skill level 5 in Fighting
  3427 | D:4      | Noticed Blork the orc
  3433 | D:4      | Killed Blork the orc
  3829 | D:5      | Entered Level 5 of the Dungeon
  3977 | D:5      | Reached skill level 5 in Axes
  3977 | D:5      | Reached XP level 8. HP: 28/63 MP: 8/8
  4357 | D:5      | Reached *** piety under Trog
  4685 | D:5      | Found a staircase to the Ecumenical Temple.
  4698 | Temple   | Entered the Ecumenical Temple
  4880 | D:6      | HP: 3/64 [centaur/arrow (6)]
  4894 | D:6      | Reached skill level 6 in Fighting
  4902 | D:6      | Slain by a wight

Illustrated notes

Levels and vault maps discovered:
D:1:      dpeg_arrival_arbitrary_b, layout_loops_corners, serial_shops, shop,
          dk_noncrumbling_4, minmay_tetromino_i4
D:2:      layout_rooms, minmay_misc_feat_diagonals
D:3:      layout_loops_ring, grunt_temple_overflow_forces_of_nature,
          lemuel_crystal_altar, shapermc_ecumenical_altar_totnotflames,
          uniq_grinder
D:4:      layout_cave_pods, kiku_gazebo_garden_becter,
          nicolae_ashenzari_panopticon, uniq_blork_the_orc
D:5:      layout_basic, minmay_temple_entry_butterflies
D:6:      nicolae_whirlpool, layout_basic, overflow_temple_1_default
Temple:   jpeg_temple_clearing

Skill      XL: |  1  2  3  4  5  6  7  8 |
---------------+-------------------------+-----
Dodging        | 2 3 |  3.9
Armour         | 2 3 4 |  4.0
Axes           | 3 4 5 |  5.6
Evocations     | 1 2 3 |  3.6
Fighting       | 4 5 6 |  6.2
Unarmed Combat | 1 2 |  2.6

Action                     |  1- 3 |  4- 6 |  7- 9 || total
---------------------------+-------+-------+-------++-------
  Melee: Hand axe          |    98 |       |       ||    98
         Morningstar       |    69 |    68 |       ||   137
         Punch             |     2 |     4 |     2 ||     8
         War axe           |       |    28 |   104 ||   132
 Invoke: Berserk           |     1 |     2 |     1 ||     4
         Trog's Hand       |       |     1 |     1 ||     2
    Use: Scroll            |       |     8 |     2 ||    10
         Potion            |       |       |     2 ||     2
 Armour: Animal skin       |    12 |       |       ||    12
         Chain mail        |   154 |    68 |       ||   222
         Plate armour      |       |    20 |   159 ||   179
  Dodge: Dodged            |    97 |    45 |    46 ||   188

Table legend: (Time is in decaauts)
 A = Elapsed time spent in this place.
 B = Non-inter-level travel time spent in this place.
 C = Inter-level travel time spent in this place.
 D = Time resting spent in this place.
 E = Time spent auto-exploring this place.
 F = Levels seen in this place.
 G = Mean time per level.
                   A        B        C        D        E       F      G
               +--------+--------+--------+--------+--------+-----+--------+
         Total |   5031 |   4850 |    181 |     46 |   3711 |   7 |  718.7 |
       Dungeon |   5029 |   4848 |    181 |     46 |   3711 |   6 |  838.2 |
        Temple |      1 |      1 |      0 |      0 |      0 |   1 |    1.0 |
               +--------+--------+--------+--------+--------+-----+--------+

Top non-repeatable levels by time:
     D:4: 1073 daAuts
     D:1: 1039 daAuts
     D:5: 1017 daAuts
     D:3: 1000 daAuts
     D:2: 832 daAuts
     D:6: 66 daAuts
  Temple: 1 daAuts
